 Dungeon Crawl Stone Soup version 0.30-b1-2-g02819fbbbe (webtiles) character file.

Game seed: 16952402453927664079

27 darkwiz the Cutter (level 2, -5/24 HPs)
             Began as a Demonspawn Chaos Knight on June 20, 2023.
             Was a Plaything of Xom.
             Slain by Jessica
             ... wielding a +0 dagger
              (8 damage)
             ... on level 2 of the Dungeon.
             The game lasted 00:01:24 (272 turns).

darkwiz the Cutter (Demonspawn Chaos Knight)         Turns: 272, Time: 00:01:24

Health: -5/24      AC:  5    Str: 12    XL:     2   Next: 93%
Magic:  2/2        EV: 11    Int: 13    God:    Xom [..*...]
Gold:   10         SH:  0    Dex: 12    Spells: 1/1 levels left

rFire   . . .        a - +0 short sword (chaos)
rCold   . . .        (no shield)
rNeg    . . .        b - +2 leather armour
rPois   .            (no helmet)
rElec   .            (no cloak)
rCorr   .            (no gloves)
SInv    .            (no boots)
Will    .....        (no amulet)
Stlth   +            (no ring)
HPRegen 0.24/turn    (no ring)
MPRegen 0.08/turn

%: no passive effects
@: no status effects
A: demonic guardian 1
a: Renounce Religion


You were on level 2 of the Dungeon.
You worshipped Xom.
You were a toy of Xom.
You visited 1 branch of the dungeon, and saw 2 of its levels.

You collected 10 gold pieces.

Inventory:

Hand Weapons
 a - a +0 short sword of chaos (weapon)
Armour
 b - a +2 leather armour (worn)
Scrolls
 d - a scroll of identify {unknown}
 f - a scroll of enchant weapon {unknown}
Potions
 e - a potion of berserk rage {unknown}
Miscellaneous
 c - a piece from Xom's chessboard (15/15) (quivered)


   Skills:
 - Level 3.0 Fighting
 + Level 3.6 Short Blades
 - Level 1.8 Armour
 - Level 1.0 Dodging


You had one spell level left.
You didn't know any spells.
Your spell library contained the following spells:

 Spells                   Type           Power      Damage    Failure   Level
 Sandblast                Erth           0%         2d4       36%         1
 Passwall                 Tmut/Erth      0%         N/A       52%         2
 Stone Arrow              Conj/Erth      0%         3d7       75%         3


Dungeon Overview and Level Annotations

Branches:
Dungeon (2/15)

Altars:

Annotations:
D:2 Jessica


Innate Abilities, Weirdness & Mutations

A weak demonic guardian rushes to your aid.


Message History

A bat is nearby!
A bat is nearby!
Jessica the Apprentice Sorceress comes into view.
She is wielding a +0 dagger.
Jessica shouts!
The bat closely misses you. The bat hits you but does no damage.
You hit the bat.
The bat is severely wounded.
The bat barely misses you.
You hit the bat.
You kill the bat!
Jessica hits you but does no damage.
You barely miss Jessica. Jessica closely misses you.
You barely miss Jessica. You hit Jessica but do no damage.
Jessica suddenly seems more resistant.
Xom is highly amused!
Jessica hits you with a +0 dagger.
You hit Jessica.
Jessica goes berserk!
Jessica is lightly wounded.
Jessica hits you but does no damage.
You closely miss Jessica.
Jessica is lightly wounded.
Jessica hits you with a +0 dagger!
A demonic guardian appears!
Jessica hits you with a +0 dagger.
* * * LOW HITPOINT WARNING * * *
You are too injured to fight recklessly!
You are too injured to fight recklessly!
You are too injured to fight recklessly!
You are too injured to fight recklessly!
You hit Jessica.
Jessica is lightly wounded.
Jessica barely misses you.
You hit Jessica.
Jessica is moderately wounded.
Jessica hits you with a +0 dagger.
* * * LOW HITPOINT WARNING * * *
You hit Jessica but do no damage.
Jessica is moderately wounded.
Jessica hits you with a +0 dagger!
You die...

## #...#####
#.##...##..### #####
#......)#...# ###...# #
#PP..P†[###.# #.....#
#.#P....P.#.#.# #.....#
#....P..P.##.####....)#
#..P......##........†..
#.........##.......####
#P...5@...##...........
#####@######.......####
... #.......# ..PP.
#.......# #.....
######### #.....
#.#..P. ###..P.


You could see Jessica (berserk, resistant, ally target) and a friendly iron imp
(summoned).

Vanquished Creatures
  An adder (D:2)
  A dart slug (D:1)
  2 endoplasms (D:1)
  A hobgoblin (D:2)
  3 kobolds
  A quokka (D:1)
  3 bats (D:2)
  2 goblins (D:2)
14 creatures vanquished.

Vanquished Creatures (collateral kills)
  A bat (D:2)
1 creature vanquished.

Vanquished Creatures (others)
  9 demonic plants (D:2)
  2 plants (D:2)
  7 withered plants (D:2)
18 creatures vanquished.

Grand Total: 33 creatures vanquished

Notes
Turn   | Place    | Note
-------+----------+-------------------------------------------
     0 | D:1      | darkwiz the Demonspawn Chaos Knight began the quest for the
                  | Orb.
     0 | D:1      | Reached XP level 1. HP: 18/18 MP: 1/1
    38 | D:1      | Reached skill level 1 in Dodging
    77 | D:1      | Gained mutation: A weak demonic guardian rushes to your
                  | aid. [demonic ancestry]
    77 | D:1      | Reached XP level 2. HP: 24/24 MP: 2/2
    99 | D:1      | You fall into a shaft and drop 1 floor!
   201 | D:2      | Found a faded altar of an unknown god.
   212 | D:2      | XOM: smoke on damage
   260 | D:2      | Noticed Jessica
   272 | D:2      | Slain by Jessica

Illustrated notes

Levels and vault maps discovered:
D:1:      scummos_arrival_forest, layout_basic, serial_bayou_pond_a,
          lemuel_flame_loot_1
D:2:      layout_basic, shapermc_ecumenical_altar_gd, minmay_crystal_water,
          grunt_ministairs_13, small_statue_intersection,
          uniq_crazy_yiuf_cottage, uniq_jessica

Skill      XL: |  1 |
---------------+----+-----
Dodging        | 1 |  1.0
Short Blades   | 3 |  3.6
Fighting       | |  3.0
Armour         | |  1.8

Action                     || total
---------------------------++-------
  Melee: Short sword       ||    61
 Armour: Leather armour    ||    29
  Dodge: Dodged            ||    38
